TOP OF THE 1ST |
Tacoma HS Torchmen batting - Pitching for Broken Arrow HS : LHP Arnie Smeddon
|
Pitching: LHP Arnie Smeddon
|
|
Batting: RHB Cristián Ortega
|
0-0: Ball 1-0: Swinging Strike 1-1: Ball 2-1: Swinging Strike 2-2: Ground out 6-3 (Groundball, 56)
|
Batting: RHB Jeff Vickers
|
0-0: Ball 1-0: Ball 2-0: Called Strike 2-1: Ball 3-1: Called Strike 3-2: Fly out, F9 (Flyball, 9S)
|
Batting: RHB Millard Ferguson
|
0-0: SOLO HOME RUN (Flyball, 9LD), Distance : 360 ft
|
Batting: RHB Harold Allen
|
0-0: Called Strike 0-1: Swinging Strike 0-2: Foul Ball, location: 2F 0-2: Strikes out swinging
|
Top of the 1st over - 1 run(s), 1 hit(s), 0 error(s), 0 left on base; Tacoma HS 1 - Broken Arrow HS 0 |
BOTTOM OF THE 1ST |
Broken Arrow HS batting - Pitching for Tacoma HS Torchmen : RHP Jim Major
|
Pitching: RHP Jim Major
|
|
Batting: RHB Irwin Robinson
|
0-0: Ball 1-0: Called Strike 1-1: DOUBLE (Flyball, 8RM)
|
Batting: RHB Christian Moss
|
0-0: Ball 1-0: Called Strike 1-1: Called Strike 1-2: Foul Ball, location: 2F 1-2: Foul Ball, location: 2F 1-2: Foul Ball, location: 2F 1-2: Ball 2-2: Strikes out looking
|
Batting: RHB Júlio Hobbs
|
0-0: Foul Ball, location: 2F 0-1: Ball 1-1: Ball 2-1: Foul Ball, location: 2F 2-2: Ball 3-2: Base on Balls
|
Batting: LHB Tim Ramsey
|
0-0: Ball 1-0: Ball 2-0: Called Strike 2-1: Fly out, F5 (Popup, 5SF)
|
Batting: RHB George Green
|
0-0: Ball 1-0: Swinging Strike 1-1: Ball 2-1: SINGLE (Groundball, 6D) Irwin Robinson to third Júlio Hobbs to second Throwing error, E7 Irwin Robinson scores Júlio Hobbs to third George Green to second
|
Batting: LHB António Chávez
|
0-0: Ball 1-0: Ball 2-0: Called Strike 2-1: Ball 3-1: 3-RUN HOME RUN (Flyball, 9LD), Distance : 345 ft
|
Batting: RHB Ronnie Starr
|
0-0: Ball 1-0: Swinging Strike 1-1: Fly out, F7 (Popup, 78S)
|
Bottom of the 1st over - 4 run(s), 3 hit(s), 1 error(s), 0 left on base; Tacoma HS 1 - Broken Arrow HS 4 |
TOP OF THE 2ND |
Tacoma HS Torchmen batting - Pitching for Broken Arrow HS : LHP Arnie Smeddon
|
Batting: RHB Dexter Wooten
|
0-0: Called Strike 0-1: Swinging Strike 0-2: Ground out 6-3 (Groundball, 6)
|
Batting: RHB Dave MacGruder
|
0-0: Ball 1-0: Foul Ball, location: 2F 1-1: Called Strike 1-2: Ball 2-2: Foul Ball, location: 2F 2-2: Ball 3-2: Foul Ball, location: 2F 3-2: Base on Balls
|
Batting: LHB Geoffrey Poole
|
0-0: Ball 1-0: Ball 2-0: Ball 3-0: Called Strike 3-1: Base on Balls Dave MacGruder to second
|
Batting: LHB Larry Estes
|
0-0: Ball Dave MacGruder is caught stealing 3rd base Geoffrey Poole to second 1-0: Called Strike 1-1: Called Strike 1-2: Ball 2-2: Ball 3-2: SINGLE (Groundball, 34) Geoffrey Poole to third Geoffrey Poole scores
|
Batting: RHB Ray Bray
|
0-0: Called Strike 0-1: Swinging Strike 0-2: Strikes out swinging
|
Top of the 2nd over - 1 run(s), 1 hit(s), 0 error(s), 1 left on base; Tacoma HS 2 - Broken Arrow HS 4 |
BOTTOM OF THE 2ND |
Broken Arrow HS batting - Pitching for Tacoma HS Torchmen : RHP Jim Major
|
Batting: LHB Jon Jackson
|
0-0: Called Strike 0-1: Ball 1-1: Foul Ball, location: 2F 1-2: Hit by Pitch
|
Batting: RHB Robert Cannon
|
0-0: Fly out, F4 (Popup, 4)
|
Batting: RHB Irwin Robinson
|
0-0: Ball 1-0: Ground out 5-3 (Groundball, 5S) Jon Jackson to second
|
Batting: RHB Christian Moss
|
0-0: Ball 1-0: Ball 2-0: Foul Ball, location: 2F 2-1: SINGLE (Line Drive, 8LS) Jon Jackson to third Runner from 3rd tries for Home, SAFE, no throw or cutoff
|
Batting: RHB Júlio Hobbs
|
0-0: Ball 1-0: Swinging Strike 1-1: Ball 2-1: Foul Ball, location: 2F 2-2: Ground out 6-3 (Groundball, 6)
|
Bottom of the 2nd over - 1 run(s), 1 hit(s), 0 error(s), 1 left on base; Tacoma HS 2 - Broken Arrow HS 5 |
TOP OF THE 3RD |
Tacoma HS Torchmen batting - Pitching for Broken Arrow HS : LHP Arnie Smeddon
|
Batting: RHB Cristián Ortega
|
0-0: SINGLE (Groundball, 6MD) (infield hit)
|
Batting: RHB Jeff Vickers
|
0-0: Swinging Strike 0-1: Ball 1-1: Ball 2-1: DOUBLE (Line Drive, 8LM) Cristián Ortega to third
|
Batting: RHB Millard Ferguson
|
0-0: Ball 1-0: Fly out, F8 (Flyball, 8LM) Runner from 3rd tags up, SCORES, no throw
|
Batting: RHB Harold Allen
|
0-0: Ball 1-0: Ball 2-0: Ball 3-0: Base on Balls
|
Batting: RHB Dexter Wooten
|
0-0: Called Strike 0-1: Ball 1-1: Foul Ball, location: 2F 1-2: Grounds into double play, 4-6-3 (Groundball, 4)
|
Top of the 3rd over - 1 run(s), 2 hit(s), 0 error(s), 1 left on base; Tacoma HS 3 - Broken Arrow HS 5 |
BOTTOM OF THE 3RD |
Broken Arrow HS batting - Pitching for Tacoma HS Torchmen : RHP Jim Major
|
Batting: LHB Tim Ramsey
|
0-0: SINGLE (Flyball, 8LM)
|
Batting: RHB George Green
|
0-0: Called Strike 0-1: Swinging Strike 0-2: Fly out, F9 (Flyball, 89S)
|
Batting: LHB António Chávez
|
0-0: Swinging Strike 0-1: Ball 1-1: Foul Ball, location: 2F 1-2: Strikes out swinging
|
Batting: RHB Ronnie Starr
|
0-0: Called Strike 0-1: DOUBLE (Flyball, 8RM) Tim Ramsey to third Runner from 3rd tries for Home, throw and OUT!
|
Bottom of the 3rd over - 0 run(s), 2 hit(s), 0 error(s), 1 left on base; Tacoma HS 3 - Broken Arrow HS 5 |
TOP OF THE 4TH |
Tacoma HS Torchmen batting - Pitching for Broken Arrow HS : LHP Arnie Smeddon
|
Batting: RHB Dave MacGruder
|
0-0: Ball 1-0: Ball 2-0: Called Strike 2-1: Foul Ball, location: 2F 2-2: SINGLE (Flyball, 78S)
|
Batting: LHB Geoffrey Poole
|
0-0: Called Strike 0-1: Ball 1-1: Fly out, F2 (Popup, 25F)
|
Batting: LHB Larry Estes
|
0-0: Ball Pickoff Throw to First - Out! 1-0: Ball 2-0: Called Strike 2-1: Ball 3-1: Foul Ball, location: 2F 3-2: DOUBLE (Line Drive, 5D)
|
Batting: RHB Ray Bray
|
0-0: Ball 1-0: Foul Ball, location: 2F 1-1: Ball 2-1: Foul Ball, location: 2F 2-2: Ground out 5-3 (Groundball, 5)
|
Top of the 4th over - 0 run(s), 2 hit(s), 0 error(s), 1 left on base; Tacoma HS 3 - Broken Arrow HS 5 |
BOTTOM OF THE 4TH |
Broken Arrow HS batting - Pitching for Tacoma HS Torchmen : RHP Jim Major
|
Batting: LHB Jon Jackson
|
0-0: Ball 1-0: Fly out, F8 (Line Drive, 8RM)
|
Batting: RHB Robert Cannon
|
0-0: Ball 1-0: Ground out 6-3 (Groundball, 6M)
|
Batting: RHB Irwin Robinson
|
0-0: Called Strike 0-1: Ball 1-1: Fly out, F6 (Popup, 6)
|
Bottom of the 4th over - 0 run(s), 0 hit(s), 0 error(s), 0 left on base; Tacoma HS 3 - Broken Arrow HS 5 |
TOP OF THE 5TH |
Tacoma HS Torchmen batting - Pitching for Broken Arrow HS : LHP Arnie Smeddon
|
Batting: RHB Cristián Ortega
|
0-0: Ball 1-0: Ball 2-0: Called Strike 2-1: SOLO HOME RUN (Flyball, 9D), Distance : 390 ft
|
Batting: RHB Jeff Vickers
|
0-0: Ball 1-0: Ball 2-0: Ground out 5-3 (Groundball, 56S)
|
Pitching: LHP Anastasio Cintrón
|
|
Batting: RHB Millard Ferguson
|
0-0: Ball 1-0: Called Strike 1-1: Ball 2-1: Swinging Strike 2-2: Strikes out swinging
|
Batting: RHB Harold Allen
|
0-0: Ball 1-0: Ball 2-0: Called Strike 2-1: Foul Ball, location: 2F 2-2: Strikes out swinging
|
Top of the 5th over - 1 run(s), 1 hit(s), 0 error(s), 0 left on base; Tacoma HS 4 - Broken Arrow HS 5 |
BOTTOM OF THE 5TH |
Broken Arrow HS batting - Pitching for Tacoma HS Torchmen : RHP Jim Major
|
Batting: RHB Christian Moss
|
0-0: Called Strike 0-1: Ball 1-1: Foul Ball, location: 2F 1-2: Foul Ball, location: 2F 1-2: Foul Ball, location: 2F 1-2: Ball 2-2: Foul Ball, location: 2F 2-2: Foul Ball, location: 2F 2-2: Foul Ball, location: 2F 2-2: Foul Ball, location: 2F 2-2: Foul Ball, location: 2F 2-2: Foul Ball, location: 2F 2-2: SOLO HOME RUN (Flyball, 78XD), Distance : 424 ft
|
Batting: RHB Júlio Hobbs
|
0-0: Swinging Strike 0-1: Ball 1-1: Swinging Strike 1-2: Ball 2-2: Ball 3-2: Ground out 6-3 (Groundball, 6)
|
Pitching: RHP Anthony Adams
|
|
Batting: LHB Tim Ramsey
|
0-0: Ball 1-0: Called Strike 1-1: Foul Ball, location: 2F 1-2: Ground out 3-1 (Groundball, 34S)
|
Batting: RHB George Green
|
0-0: Called Strike 0-1: Foul Ball, location: 2F 0-2: Ball 1-2: Ball 2-2: Foul Ball, location: 2F 2-2: Ball 3-2: Foul Ball, location: 2F 3-2: Ground out 6-3 (Groundball, 6)
|
Bottom of the 5th over - 1 run(s), 1 hit(s), 0 error(s), 0 left on base; Tacoma HS 4 - Broken Arrow HS 6 |
TOP OF THE 6TH |
Tacoma HS Torchmen batting - Pitching for Broken Arrow HS : LHP Anastasio Cintrón
|
Batting: RHB Dexter Wooten
|
0-0: Called Strike 0-1: Foul Ball, location: 2F 0-2: Strikes out looking
|
Batting: RHB Dave MacGruder
|
0-0: Foul Ball, location: 2F 0-1: Ball 1-1: Called Strike 1-2: Ball Single, Error in OF, E9, batter to second base
|
Batting: LHB Geoffrey Poole
|
0-0: Called Strike 0-1: Called Strike 0-2: Ball 1-2: Foul Ball, location: 2F 1-2: Ball 2-2: Foul Ball, location: 2F 2-2: Foul Ball, location: 2F 2-2: Ball 3-2: Strikes out swinging
|
Batting: LHB Larry Estes
|
0-0: Ball 1-0: Foul Ball, location: 2F 1-1: SINGLE (Line Drive, 4M) Dave MacGruder to third Runner from 3rd tries for Home, SAFE, no throw or cutoff
|
Batting: RHB Ray Bray
|
0-0: Swinging Strike 0-1: Swinging Strike 0-2: Strikes out swinging
|
Top of the 6th over - 1 run(s), 2 hit(s), 1 error(s), 1 left on base; Tacoma HS 5 - Broken Arrow HS 6 |
BOTTOM OF THE 6TH |
Broken Arrow HS batting - Pitching for Tacoma HS Torchmen : RHP Anthony Adams
|
Batting: LHB António Chávez
|
0-0: SINGLE (Groundball, 34)
|
Batting: RHB Ronnie Starr
|
0-0: Ball 1-0: Fly out, F7 (Flyball, 7M)
|
Batting: LHB Jon Jackson
|
0-0: 2-RUN HOME RUN (Flyball, 9LD), Distance : 347 ft
|
Batting: RHB Robert Cannon
|
0-0: Ball 1-0: Swinging Strike 1-1: Foul Ball, location: 2F 1-2: Ball 2-2: Ground out 4-3 (Groundball, 4)
|
Batting: RHB Irwin Robinson
|
0-0: Ground out 1-3 (Groundball, 13)
|
Bottom of the 6th over - 2 run(s), 2 hit(s), 0 error(s), 0 left on base; Tacoma HS 5 - Broken Arrow HS 8 |
TOP OF THE 7TH |
Tacoma HS Torchmen batting - Pitching for Broken Arrow HS : LHP Anastasio Cintrón
|
Batting: RHB Cristián Ortega
|
0-0: Ground out 6-3 (Groundball, 6)
|
Pitching: RHP Ben Ellison
|
|
Batting: RHB Jeff Vickers
|
0-0: Ball 1-0: Ball 2-0: Called Strike 2-1: Foul Ball, location: 2F 2-2: Foul Ball, location: 2F 2-2: Ball 3-2: Fly out, F6 (Line Drive, 6)
|
Batting: RHB Millard Ferguson
|
0-0: Swinging Strike 0-1: Fly out, F9 (Flyball, 9M)
|
Top of the 7th over - 0 run(s), 0 hit(s), 0 error(s), 0 left on base; Tacoma HS 5 - Broken Arrow HS 8 |
BOTTOM OF THE 7TH |
Broken Arrow HS batting - Pitching for Tacoma HS Torchmen : RHP Anthony Adams
|
Batting: RHB Christian Moss
|
0-0: Called Strike 0-1: Ball 1-1: DOUBLE (Line Drive, 7LM)
|
Batting: RHB Júlio Hobbs
|
0-0: Called Strike 0-1: Foul Ball, location: 2F 0-2: Ball 1-2: Ball 2-2: Foul Ball, location: 2F 2-2: Foul Ball, location: 2F 2-2: Strikes out looking
|
Batting: LHB Tim Ramsey
|
0-0: Intentional Walk
|
Pitching: LHP Bradley Hansen
|
|
Batting: RHB George Green
|
0-0: Swinging Strike 0-1: Ball 1-1: Swinging Strike 1-2: Strikes out swinging
|
Batting: LHB António Chávez
|
0-0: Ball 1-0: Called Strike 1-1: Ball 2-1: Foul Ball, location: 2F 2-2: DOUBLE (Line Drive, 5D) Christian Moss scores Tim Ramsey to third
|
Batting: RHB Ronnie Starr
|
0-0: Called Strike 0-1: Ground out 5-3 (Groundball, 5)
|
Bottom of the 7th over - 1 run(s), 2 hit(s), 0 error(s), 2 left on base; Tacoma HS 5 - Broken Arrow HS 9 |
TOP OF THE 8TH |
Tacoma HS Torchmen batting - Pitching for Broken Arrow HS : RHP Ben Ellison
|
Batting: RHB Harold Allen
|
0-0: Ball 1-0: Called Strike 1-1: Called Strike 1-2: Foul Ball, location: 2F 1-2: Foul Ball, location: 2F 1-2: Strikes out swinging
|
Batting: RHB Dexter Wooten
|
0-0: Ball 1-0: Called Strike 1-1: Called Strike 1-2: Ball 2-2: Ball 3-2: Base on Balls
|
Batting: RHB Dave MacGruder
|
0-0: Called Strike 0-1: Swinging Strike 0-2: Fly out, F6 (Popup, 6S)
|
Batting: LHB Geoffrey Poole
|
0-0: Ball 1-0: SINGLE (Groundball, 56D) Dexter Wooten to second
|
Pitching: LHP Jason Dean
|
|
Batting: LHB Larry Estes
|
0-0: Swinging Strike 0-1: Swinging Strike 0-2: Ball 1-2: Foul Ball, location: 2F 1-2: Foul Ball, location: 2F 1-2: Ball 2-2: Foul Ball, location: 2F 2-2: Foul Ball, location: 2F 2-2: Strikes out swinging
|
Top of the 8th over - 0 run(s), 1 hit(s), 0 error(s), 2 left on base; Tacoma HS 5 - Broken Arrow HS 9 |
BOTTOM OF THE 8TH |
Broken Arrow HS batting - Pitching for Tacoma HS Torchmen : LHP Bradley Hansen
|
Batting: LHB Jon Jackson
|
0-0: Ball 1-0: Foul Ball, location: 2F 1-1: Ball 2-1: Foul Ball, location: 2F 2-2: Ball 3-2: Strikes out looking
|
Batting: RHB Robert Cannon
|
0-0: Ball 1-0: Called Strike 1-1: Fly out, F6 (Popup, 15)
|
Batting: RHB Irwin Robinson
|
0-0: Ball 1-0: Ball 2-0: Called Strike 2-1: Foul Ball, location: 2F 2-2: Reached on error, E6 (Groundball, 6)
|
Batting: RHB Christian Moss
|
0-0: Called Strike Irwin Robinson steals 2nd base 0-1: Ball 1-1: Foul Ball, location: 2F 1-2: Ball 2-2: Fly out, F8 (Flyball, 8RM)
|
Bottom of the 8th over - 0 run(s), 0 hit(s), 1 error(s), 1 left on base; Tacoma HS 5 - Broken Arrow HS 9 |
TOP OF THE 9TH |
Tacoma HS Torchmen batting - Pitching for Broken Arrow HS : LHP Jason Dean
|
Pitching: RHP Millard Ford
|
|
Batting: RHB Ray Bray
|
0-0: Foul Ball, location: 2F 0-1: DOUBLE (Groundball, 5L)
|
Batting: RHB Cristián Ortega
|
0-0: Called Strike 0-1: Ball 1-1: Called Strike 1-2: Strikes out swinging
|
Batting: RHB Jeff Vickers
|
0-0: Called Strike 0-1: Ball 1-1: Ball 2-1: SINGLE (Line Drive, 78S) Ray Bray to third
|
Batting: RHB Millard Ferguson
|
0-0: Called Strike 0-1: Swinging Strike 0-2: Strikes out swinging
|
Batting: RHB Harold Allen
|
0-0: Fly out, F7 (Flyball, 7S)
|
Top of the 9th over - 0 run(s), 2 hit(s), 0 error(s), 2 left on base; Tacoma HS 5 - Broken Arrow HS 9 |
|